 Dungeon Crawl Stone Soup version 0.21.1-1-g345015f (webtiles) character file.

116 vatarom the Chopper (level 4, -4/43 HPs)
             Began as a Deep Dwarf Fighter on Apr 20, 2018.
             Slain by quickben's ghost (10 damage)
             ... on level 4 of the Dungeon.
             The game lasted 00:05:24 (2125 turns).

vatarom the Chopper (Deep Dwarf Fighter)            Turns: 2125, Time: 00:05:25

Health: -4/43      AC:  5    Str: 23 (24) XL:     4   Next: 70%
Magic:  13/13      EV:  7    Int: 13 (14) God:
Gold:   80         SH:  9    Dex: 11 (13) Spells: 3/3 levels left

rFire    . . .     SeeInvis .   a - +0 war axe
rCold    . . .     Gourm    .   c - +0 shield
rNeg     . . .     Faith    .   b - +0 scale mail
rPois    .         Spirit   .   (no helmet)
rElec    .         Reflect  .   (no cloak)
rCorr    .         Harm     .   (no gloves)
MR       +....                  (no boots)
Stlth    ..........             (no amulet)
HPRegen  0.00/turn              p - ring of magical power
MPRegen  0.13/turn              (no ring)

@: mighty, brilliant, non-regenerating
A: damage resistance, heal wounds, yellow scales 1, deformed body, magic
resistance 1, sense surroundings 1, no regeneration
a: Heal Wounds


You were on level 4 of the Dungeon.
You were very full.

You visited 1 branch of the dungeon, and saw 4 of its levels.

You collected 80 gold pieces.

Inventory:

Hand Weapons
 a - a +0 war axe (weapon)
Armour
 b - a +0 scale mail (worn)
 c - a +0 shield (worn)
Jewellery
 p - a ring of magical power (left hand)
 s - an uncursed ring of ice
Scrolls
 f - a scroll of teleportation {unknown}
 g - 2 scrolls of amnesia
 h - 2 scrolls of enchant weapon
 j - 2 scrolls of blinking
 l - a scroll of fog {unknown}
 q - 2 scrolls of magic mapping {unknown}
 t - 4 scrolls of remove curse {unknown}
 v - 2 scrolls of immolation {unknown}
 y - a scroll of identify
Potions
 i - a potion of flight {unknown}
 m - a potion of lignification {unknown}
 n - a potion of brilliance
 o - a potion of curing {unknown}
 r - a potion of mutation
 u - a potion of ambrosia {unknown}
 w - a potion of resistance {unknown}
Books
 x - a book of Maledictions

   Spells                             Type                      Level
   a - Corona                         Hexes                        1
   b - Ensorcelled Hibernation        Hexes/Ice                    2
   c - Confuse                        Hexes                        3
   d - Tukima's Dance                 Hexes                        3
   e - Dazzling Spray                 Conjuration/Hexes            3
Comestibles
 A - a ration


   Skills:
 + Level 3.6 Fighting
 * Level 4.6 Axes
 - Level 3.2 Armour
 - Level 3.2 Shields


You had 3 spell levels left.
You didn't know any spells.

Dungeon Overview and Level Annotations

Branches:
Dungeon (4/15)
 Temple: D:4-7

Altars:

Annotations:
D:4 quickben's ghost, amateur HOFi


Innate Abilities, Weirdness & Mutations

You are resistant to damage.
You can heal yourself by infusing magical energy.
You passively map a small area around you.
You do not regenerate.
You are partially covered in yellow scales. (AC +2)
Armour fits poorly on your strangely shaped body.
You are resistant to hostile enchantments. (MR+)


Message History

Yellow scales grow over part of your body.
The iguana closely misses you.
The crimson imp blinks!
You slash the iguana!
You kill the iguana!
You feel your intelligence returning. You block quickben's ghost's attack.
You slash quickben's ghost!
Quickben's ghost is lightly damaged.
Quickben's ghost hits you but does no damage.
You barely miss quickben's ghost.
Quickben's ghost is lightly damaged.
Quickben's ghost hits you!
You hit quickben's ghost but do no damage.
Quickben's ghost is lightly damaged.
Quickben's ghost hits you! x2
* * * LOW HITPOINT WARNING * * *
You hit quickben's ghost but do no damage.
Quickben's ghost is lightly damaged.
Quickben's ghost hits you!
You die...

............#
............# , ,
............#
............###.#
, ,
.....5..........#*
............###.#*
, *###########5# ,
#W# * * ###### #@#
* #<...# #.#
####.# #.#
###.####.#
#........#
#.##.##### #.##.#
#.##.# #.##.#


You could see quickben's ghost and a crimson imp.

Vanquished Creatures
  An iguana (D:4)
  2 adders (D:3)
  A worm (D:3)
  3 dart slugs
  2 leopard geckos
  10 bats
  2 giant cockroaches (D:3)
  7 goblins
  9 hobgoblins
  2 quokkas (D:2)
  3 ball pythons
  6 frilled lizards
  8 kobolds
  8 rats
64 creatures vanquished.

Notes
Turn   | Place    | Note
-------+----------+-------------------------------------------
     0 | D:1      | vatarom the Deep Dwarf Fighter began the quest for the Orb.
     0 | D:1      | Reached XP level 1. HP: 20/20 MP: 1/1
   194 | D:1      | Reached XP level 2. HP: 27/27 MP: 2/2
   248 | D:1      | Reached skill level 3 in Axes
   732 | D:1      | Reached XP level 3. HP: 30/34 MP: 3/3
  1785 | D:3      | Reached skill level 4 in Axes
  1831 | D:3      | Reached XP level 4. HP: 25/42 MP: 4/4
  2106 | D:4      | Noticed quickben's ghost (amateur HOFi)
  2120 | D:4      | Gained mutation: You are resistant to hostile enchantments. (MR+) [potion of mutation]
  2120 | D:4      | Gained mutation: Armour fits poorly on your strangely shaped body. [potion of mutation]
  2120 | D:4      | Gained mutation: You are partially covered in yellow scales. (AC +2) [potion of mutation]
  2125 | D:4      | Slain by quickben's ghost

Skill      XL: |  1  2  3 |
---------------+----------+-----
Fighting       | 3 |  3.6
Axes           | 3 4 |  4.6
Armour         | |  3.2
Shields        | |  3.2

Action                   |  1- 3 |  4- 6 || total
-------------------------+-------+-------++-------
Melee: War axe           |   142 |    31 ||   173
 Abil: Heal Wounds       |       |     1 ||     1
  Use: Scroll            |     3 |       ||     3
       Potion            |       |     5 ||     5
  Eat: Ration            |     2 |     1 ||     3
       Chunk             |     1 |       ||     1
Armor: Scale mail        |    60 |     9 ||    69
Dodge: Dodged            |    45 |     7 ||    52
Block: Shield            |    73 |    14 ||    87
